 Dungeon Crawl Stone Soup version 0.30-a0-6-g7c9e10e132 (webtiles) character file.

Game seed: 9171694627995114073

3009 Flugkiller the Cleaver (level 9, -4/79 HPs)
             Began as a Minotaur Fighter on Aug 22, 2022.
             Was a Believer of Qazlal.
             Slain by a tentacled starspawn (26 damage)
             ... on level 2 of the Abyss.
             The game lasted 00:03:42 (9150 turns).

Flugkiller the Cleaver (Minotaur Fighter)           Turns: 9150, Time: 00:03:43

Health: -4/79      AC: 16    Str: 21    XL:     9   Next: 54%
Magic:  10/10      EV:  6    Int:  5    God:    Qazlal [**....]
Gold:   375        SH:  7    Dex: 14    Spells: 8/8 levels left

rFire   . . .      SeeInvis .    E - +1 war axe
rCold   . . .      Faith    +    c - +0 buckler
rNeg    . . .      Spirit   .    f - +0 plate armour
rPois   .          Reflect  .    (helmet restricted)
rElec   .          Harm     .    F - +0 cloak
rCorr   .          Rampage  .    (no gloves)
Will    .....                    H - +0 pair of boots
Stlth   ..........               w - amulet of faith
HPRegen 0.23/turn                (no ring)
MPRegen 0.12/turn                (no ring)

@: no status effects
A: horns 2, retaliatory headbutt
a: Renounce Religion, Upheaval


You were on level 2 of the Abyss.
You worshipped Qazlal.
Qazlal was pleased with you.
You visited 2 branches of the dungeon, and saw 9 of its levels.
You visited the Abyss 1 time.

You collected 375 gold pieces.

Inventory:

Hand Weapons
 a - a +0 war axe
 E - a +1 war axe (weapon)
   (You took it off a wight on level 7 of the Dungeon)
Missiles
 u - a throwing net (quivered)
Armour
 b - a +0 scale mail
 c - a +0 buckler (worn)
 f - a +0 plate armour (worn)
   (You found it on level 1 of the Dungeon)
 F - a +0 cloak (worn)
   (You found it on level 3 of the Dungeon)
 H - a +0 pair of boots (worn)
   (You found it on level 8 of the Dungeon)
Jewellery
 k - a ring of resist corrosion
   (You found it on level 7 of the Dungeon)
 v - a +4 ring of evasion
   (You took it off a wight on level 7 of the Dungeon)
 w - an amulet of faith (around neck)
   (You found it on level 3 of the Dungeon)
Wands
 C - a wand of roots (4)
   (You took it off a gnoll on level 5 of the Dungeon)
Scrolls
 g - 2 scrolls of immolation {unknown}
 i - 2 scrolls of fear
 j - 2 scrolls of summoning
 l - 2 scrolls of magic mapping
 m - a scroll of vulnerability
 n - a scroll of amnesia {unknown}
 r - a scroll of identify
 s - a scroll of enchant armour
 t - 5 scrolls of teleportation
 x - a scroll of enchant weapon
 y - 2 scrolls of poison
 z - 5 scrolls of blinking
Potions
 d - 2 potions of might
 e - a potion of attraction {unknown}
 h - a potion of cancellation {unknown}
 o - a potion of resistance {unknown}
 p - 2 potions of heal wounds {unknown}
 q - 4 potions of curing
 A - a potion of flight {unknown}
 B - a potion of lignification {unknown}
 G - a potion of brilliance {unknown}
Miscellaneous
 D - a piece from Xom's chessboard (15/15)
   (You found it on level 5 of the Dungeon)


   Skills:
 + Level 7.6 Fighting
 * Level 9.8 Axes
 + Level 7.6 Armour
 - Level 3.6 Shields
 + Level 2.6 Invocations
 - Level 6.0 Evocations


You had 8 spell levels left.
You didn't know any spells.
Your spell library was empty.

Dungeon Overview and Level Annotations

Branches:
Dungeon (8/15)             Temple (1/1) D:5
   Lair: D:8-11

Altars:
Ashenzari
Cheibriados
Elyvilon
Fedhas
Kikubaaqudgha
Nemelex Xobeh
Okawaru
Qazlal
Ru
Sif Muna
Trog
Uskayaw
Vehumet
Xom
Yredelemnul
Zin

Shops:
D:2 [

Annotations:
D:7 2 runed translucent doors, 2 transporters, QuickerDeath's ghost, novice OpFi
D:8 Psyche


Innate Abilities, Weirdness & Mutations

You have a pair of horns on your head.
You reflexively headbutt those who attack you in melee.


Message History

You slice the centaur!!
You kill the centaur!
Qazlal accepts your kill.
No target in view!
No target in view!
No target in view!
No target in view!
Magic restored.
You see here a +0 shortbow.
Found a stone staircase leading up.
You hear a shout!
Psyche the Insane Magess comes into view.
She is wielding a +2 dagger of distortion.
Psyche gestures wildly while chanting.
A swirling arc of seething chaos appears!
The arc of chaos arcs out of your line of sight!
The arc of chaos suddenly appears!
You hear a shout!
Psyche mumbles some strange words.
A swirling arc of seething chaos appears!
The arc of chaos hits you but does no damage.
You closely miss Psyche. Your headbutt misses Psyche.
You block Psyche's attack.
You barely miss Psyche. Psyche closely misses you.
You miss Psyche. You headbutt Psyche!
Psyche is moderately wounded.
Psyche hits you but does no damage.
You are cast into the Abyss!
This branch contains the abyssal rune of Zot.
Found a gateway leading deeper into the Abyss.
There is a gateway leading deeper into the Abyss here.
You plunge deeper into the Abyss.
Found a corrupted altar of Lugonu.
Found a radiant altar of Vehumet.
There is a corrupted altar of Lugonu here.
There is a radiant altar of Vehumet here.
A tentacled starspawn comes into view.
A tentacled starspawn is nearby!
Tentacles burst from the starspawn's body! 2 starspawn tentacles come into view.
You open the door.
A raiju comes into view.
The hell hound barks!
You slash the raiju! Your headbutt misses the raiju.
The raiju is heavily wounded.
The raiju bites you. The raiju shocks you!
You slash the raiju!
The raiju is severely wounded.
The raiju bursts into living lightning!
The living lightning hits you!
The raiju blinks!
There is an open door here.
The raiju bursts into living lightning!
The living lightning misses you.
The raiju blinks!
You hit the raiju but do no damage.
The raiju is severely wounded.
You block the raiju's attack.
You closely miss the raiju.
The raiju is severely wounded.
You hit the tentacled starspawn but do no damage.
The tentacled starspawn is struck by lightning.
Tentacles burst from the starspawn's body!
The raiju bites you but does no damage. 2 starspawn tentacles come into view.
You closely miss the raiju.
The raiju is severely wounded.
You barely miss the tentacled starspawn.
You completely miss the starspawn tentacle.
The tentacled starspawn bites you but does no damage.
The tentacled starspawn tentacle-slaps you!
The raiju bites you. The raiju shocks you! The starspawn tentacle grabs you.
The starspawn tentacle constricts you.
You hit the starspawn tentacle.
The starspawn tentacle is lightly damaged.
You hit the starspawn tentacle. You hit the tentacled starspawn.
The starspawn tentacle loses its grip on you.
You closely miss the raiju. The tentacled starspawn bites you.
You block the tentacled starspawn's attack.
The raiju bites you. The raiju shocks you!
* * * LOW HITPOINT WARNING * * *
The starspawn tentacle grabs you. The starspawn tentacle constricts you.
You are too injured to fight recklessly!
You are too injured to fight recklessly!
You hit the tentacled starspawn.
The starspawn tentacle loses its grip on you.
You headbutt the tentacled starspawn.
The tentacled starspawn is moderately damaged.
You barely miss the starspawn tentacle. You slash the starspawn tentacle!
You hit the raiju.
You block the tentacled starspawn's attack. x2
The raiju bites you but does no damage.
The starspawn tentacle barely misses you.
You furiously retaliate!
You headbutt the starspawn tentacle! The starspawn tentacle grabs you.
The starspawn tentacle constricts you.
* * * LOW HITPOINT WARNING * * *
You slash the tentacled starspawn!
The starspawn tentacle loses its grip on you.
The tentacled starspawn is heavily damaged.
You closely miss the raiju.
You hit the starspawn tentacle but do no damage. x2
The tentacled starspawn bites you!!
You die...

. . .. . # #..#
#....##.##...#....
#...#..#..# ......
##.# ..#...##.w ...
#........... ..... ##
##..._......... . .
.. #................
..
#...#..#w#...#......
.
.#..#.@X.#...........
#..#+#h#w......... .#
. #h#.#............#
#+#+##..##.......# #
._...#...#.# #..##.#
### .# #..#..# .
#.#.# ## #.## ..#


You could see a tentacled starspawn, a raiju, a hell hound and 2 starspawn
tentacles.

Vanquished Creatures
  A steam dragon (D:7)
  A water moccasin (D:6)
  An orc warrior (D:8)
  A black bear (D:5)
  2 ice beasts
  5 centaurs
  A kobold brigand (D:7)
  A phantom (D:5)
  2 bullfrogs (D:7)
  A necrophage (D:6)
  6 scorpions
  7 wights (D:7)
  5 howler monkeys
  3 jellies
  A gnoll bouda (D:5)
  3 hounds
  2 orc priests
  Jessica (D:3)
  4 iguanas
  14 gnolls
  9 adders
  A shadow imp (D:7)
  A white imp (D:6)
  An ufetubus (D:5)
  3 worms
  3 dart slugs
  15 orcs
  7 bats
  8 endoplasms
  2 giant cockroaches
  13 goblins
  5 hobgoblins
  4 jackals (D:4)
  3 quokkas
  8 ball pythons
  5 frilled lizards
  11 kobolds
  6 rats
167 creatures vanquished.

Vanquished Creatures (others)
  4 plants (D:5)
  2 starspawn tentacles (Abyss:2)
6 creatures vanquished.

Grand Total: 173 creatures vanquished

Notes
Turn   | Place    | Note
-------+----------+-------------------------------------------
     0 | D:1      | Flugkiller the Minotaur Fighter began the quest for the
                  | Orb.
     0 | D:1      | Reached XP level 1. HP: 19/19 MP: 0/0
   101 | D:1      | Reached skill level 3 in Axes
   101 | D:1      | Reached XP level 2. HP: 27/27 MP: 1/1
   318 | D:1      | Found a faded altar of an unknown god.
   606 | D:1      | Reached XP level 3. HP: 33/33 MP: 2/2
  1513 | D:2      | Reached skill level 4 in Axes
  1560 | D:2      | Found a white marble altar of Elyvilon.
  1767 | D:2      | Found Geotuitamn's Antique Armour Emporium.
  1792 | D:2      | Reached XP level 4. HP: 39/40 MP: 3/3
  2427 | D:3      | Noticed Jessica
  2433 | D:3      | Killed Jessica
  2798 | D:3      | Found a faded altar of an unknown god.
  2805 | D:3      | Found an ancient bone altar of Kikubaaqudgha.
  2988 | D:4      | Reached XP level 5. HP: 41/47 MP: 4/4
  3037 | D:4      | Reached skill level 5 in Axes
  3038 | D:4      | Found a hide-covered altar of Uskayaw.
  3047 | D:4      | Found a sparkling altar of Nemelex Xobeh.
  3163 | D:4      | Reached skill level 5 in Fighting
  3163 | D:4      | Reached skill level 5 in Armour
  3355 | D:4      | Reached XP level 6. HP: 56/56 MP: 5/5
  3494 | D:5      | Entered Level 5 of the Dungeon
  3696 | D:5      | Reached skill level 6 in Axes
  3819 | D:5      | Reached XP level 7. HP: 34/62 MP: 6/6
  3822 | D:5      | Reached skill level 7 in Axes
  4405 | D:5      | Found a staircase to the Ecumenical Temple.
  4439 | Temple   | Entered the Ecumenical Temple
  4671 | Temple   | Became a worshipper of Qazlal Stormbringer
  4862 | D:5      | Found a white marble altar of Elyvilon.
  4913 | D:5      | Reached skill level 8 in Axes
  5041 | D:5      | Reached XP level 8. HP: 53/71 MP: 7/7
  5788 | D:6      | Found a bloodstained altar of Trog.
  6985 | D:7      | Reached skill level 5 in Evocations
  7213 | D:7      | Found a large runed translucent door.
  7214 | D:7      | Found a large runed translucent door.
  7509 | D:7      | Reached * piety under Qazlal
  7782 | D:7      | Found a transporter.
  7785 | D:7      | Reached XP level 9. HP: 78/78 MP: 8/8
  7792 | D:7      | Reached skill level 1 in Invocations
  7792 | D:7      | Noticed a moth of wrath
  7899 | D:7      | Noticed a catoblepas
  7907 | D:7      | Noticed QuickerDeath's ghost (novice OpFi)
  7914 | D:7      | Found a transporter.
  8094 | D:7      | Reached skill level 9 in Axes
  8161 | D:7      | Found a blossoming altar of Fedhas.
  8263 | D:7      | Reached ** piety under Qazlal
  9080 | D:8      | Noticed Psyche
  9085 | Abyss:1  | Cast into level 1 of the Abyss (Psyche)
  9100 | Abyss:2  | Found a corrupted altar of Lugonu.
  9105 | Abyss:2  | Found a radiant altar of Vehumet.
  9131 | Abyss:2  | Noticed a tentacled starspawn
  9150 | Abyss:2  | Slain by a tentacled starspawn

Illustrated notes

Levels and vault maps discovered:
D:1:      amcnicky_arrival_underground_garden, layout_basic,
          ebering_ecumenical_altar_rust, dk_noncrumbling_3, minmay_unequal
D:2:      layout_loops_corners, basic_altar, serial_shops, nicolae_square_shop
D:3:      layout_loops_corners, nicolae_overflow_ecumenical_swirl,
          corexii_item_surrounded_by_moat, hangedman_decor_riveting,
          kennysheep_doodads, uniq_jessica
D:4:      layout_rooms, overflow_temple_1_default, mainiacjoe_overflow_alcove_1
D:5:      layout_basic, nicolae_elyvilon_temple_path, minmay_temple_entry_hall,
          hellmonk_bongcloud_opening
D:6:      layout_layer_cave, bloody_trog
D:7:      layout_loops_ring, jmf_multi_god_temple2, mainiacjoe_overflow_catwalk,
          gammafunk_ghost_berserking_beasts
D:8:      layout_rooms, uniq_psyche
Temple:   nicolae_temple_two_arcs
Abyss:2:  base: D:4, hangedman_abyss_exit_choices

Skill      XL: |  1  2  3  4  5  6  7  8  9 |
---------------+----------------------------+-----
Axes           | 3 4 5 6 8 9 |  9.8
Armour         | 4 5 6 7 |  7.6
Fighting       | 4 5 6 7 |  7.6
Evocations     | 6 |  6.0
Invocations    | 2 |  2.6
Shields        | |  3.6

Action                   |  1- 3 |  4- 6 |  7- 9 || total
-------------------------+-------+-------+-------++-------
Melee: War axe           |   125 |   104 |   249 ||   478
       Headbutt          |     8 |    14 |    45 ||    67
  Use: Scroll            |       |       |    10 ||    10
Armor: Scale mail        |    29 |       |       ||    29
       Plate armour      |    56 |    65 |   166 ||   287
Dodge: Dodged            |    37 |    30 |    65 ||   132
Block: Buckler           |    26 |    17 |    77 ||   120

Table legend: (Time is in decaauts)
 A = Elapsed time spent in this place.
 B = Non-inter-level travel time spent in this place.
 C = Inter-level travel time spent in this place.
 D = Time resting spent in this place.
 E = Time spent auto-exploring this place.
 F = Levels seen in this place.
 G = Mean time per level.
                   A        B        C        D        E       F      G
               +--------+--------+--------+--------+--------+-----+--------+
         Total |   9250 |   8905 |    345 |    409 |   7314 |  11 |  840.9 |
       Dungeon |   8889 |   8569 |    320 |    368 |   7095 |   8 | 1111.1 |
        Temple |    295 |    271 |     24 |     41 |    205 |   1 |  295.0 |
         Abyss |     64 |     64 |      0 |      0 |     14 |   2 |   32.0 |
               +--------+--------+--------+--------+--------+-----+--------+

Top non-repeatable levels by time:
     D:7: 1662 daAuts
     D:5: 1635 daAuts
     D:6: 1575 daAuts
     D:2: 1098 daAuts
     D:3: 956 daAuts
     D:1: 904 daAuts
     D:4: 599 daAuts
     D:8: 456 daAuts
  Temple: 295 daAuts
 Abyss:2: 50 daAuts
 Abyss:1: 14 daAuts
